 Dungeon Crawl Stone Soup version 0.25.1-2-g60ff931df9 (webtiles) character file.

Game seed: 17404988370812171983

149 gruber the Slasher (level 5, -11/45 HPs)
             Began as a Minotaur Fighter on Dec 3, 2020.
             Mangled by Sigmund
             ... wielding a +0 scythe
              (16 damage)
             ... on level 3 of the Dungeon.
             The game lasted 00:01:01 (1533 turns).

gruber the Slasher (Minotaur Fighter)               Turns: 1533, Time: 00:01:02

Health: -11/45     AC:  6    Str: 22    XL:     5   Next: 9%
Magic:  4/4        EV:  7    Int:  5    God:
Gold:   176        SH:  9    Dex:  9    Spells: 4/4 levels left

rFire    . . .     SeeInvis .   a - +0 long sword
rCold    . . .     Gourm    .   c - +0 kite shield
rNeg     . . .     Faith    .   b - +0 scale mail
rPois    .         Spirit   .   (helmet restricted)
rElec    .         Reflect  .   (no cloak)
rCorr    .         Harm     .   (no gloves)
MR       .....                  (no boots)
Stlth    ..........             (no amulet)
HPRegen  0.15/turn              m - ring of flight
MPRegen  0.09/turn              (no ring)

@: no status effects
A: retaliatory headbutt, horns 2
a: Evoke Flight


You were on level 3 of the Dungeon.
You were not hungry.

You visited 1 branch of the dungeon, and saw 3 of its levels.

You collected 176 gold pieces.

Inventory:

Hand Weapons
 a - a +0 long sword (weapon)
Armour
 b - a +0 scale mail (worn)
 c - a +0 kite shield (worn)
Jewellery
 m - a ring of flight (left hand)
 o - an uncursed ring of fire
Wands
 g - a wand of digging (6)
Scrolls
 e - a scroll of random uselessness {unknown}
 i - a scroll of remove curse {unknown}
 k - 3 scrolls of immolation {unknown}
 l - 5 scrolls of identify {unknown}
 n - 2 scrolls of teleportation {unknown}
Potions
 d - a potion of might
 h - 2 potions of heal wounds {unknown}
 j - 2 potions of curing {unknown}
 q - 2 potions of brilliance {unknown}
 r - a potion of haste {unknown}
Comestibles
 f - 5 rations
 p - 7 chunks of flesh


   Skills:
 - Level 3.6 Fighting
 + Level 6.4 Long Blades
 - Level 3.6 Armour
 - Level 3.6 Shields


You had 4 spell levels left.
You didn't know any spells.
Your spell library was empty.

Dungeon Overview and Level Annotations

Branches:
Dungeon (3/15)

Altars:
The Shining One

Annotations:
D:3 Sigmund


Innate Abilities, Weirdness & Mutations

You reflexively headbutt those who attack you in melee.
You have a pair of horns on your head.


Message History

You are confused.
Unknown command.
You bump into the rock wall.
Sigmund hits you from afar with a +0 scythe.
Sigmund drinks a potion.
Sigmund seems to grow stronger.
You closely miss Sigmund. You headbutt Sigmund.
Sigmund is lightly wounded.
Sigmund gestures at you while chanting. You resist with some effort.
Sigmund hits you from afar with a +0 scythe.
You feel less confused. Sigmund hits you but does no damage.
You closely miss Sigmund.
Sigmund is lightly wounded.
Sigmund hits you with a +0 scythe!!
* * * LOW HITPOINT WARNING * * *
You closely miss Sigmund.
Sigmund is lightly wounded.
Sigmund hits you with a +0 scythe!
You die...

#.## .#.# ### ##.# ..#
#..# #.# .### #.# .#
... .# #s# #########
#@# ........#.##.###@#
#.......#...[....#
#.......########.#
#.......# ##..#
........######...####
.............รท......+
........######...####
#.##.#### ........
####.# .###.###.


You could see Sigmund (strong) and a giant cockroach.

Vanquished Creatures
  Terence (D:2)
  3 gnolls (D:2)
  5 adders (D:2)
  2 oozes
  2 worms
  2 leopard geckos
  2 giant cockroaches (D:1)
  6 hobgoblins
  6 bats
  4 frilled lizards
  4 kobolds
  6 rats
43 creatures vanquished.

Notes
Turn   | Place    | Note
-------+----------+-------------------------------------------
     0 | D:1      | gruber the Minotaur Fighter began the quest for the Orb.
     0 | D:1      | Reached XP level 1. HP: 19/19 MP: 0/0
    68 | D:1      | Reached skill level 3 in Long Blades
   124 | D:1      | Reached XP level 2. HP: 26/26 MP: 1/1
   505 | D:1      | Reached skill level 4 in Long Blades
   566 | D:2      | Reached XP level 3. HP: 31/31 MP: 2/2
   583 | D:2      | Reached skill level 5 in Long Blades
   690 | D:2      | Reached XP level 4. HP: 36/39 MP: 3/3
  1085 | D:2      | Noticed Terence
  1090 | D:2      | Killed Terence
  1090 | D:2      | Reached skill level 6 in Long Blades
  1389 | D:3      | Reached XP level 5. HP: 45/45 MP: 4/4
  1478 | D:3      | Found a glowing golden altar of the Shining One.
  1520 | D:3      | Noticed Sigmund
  1533 | D:3      | Mangled by Sigmund

Illustrated notes

Levels and vault maps discovered:
D:1:      shiori_shiawase, layout_rooms
D:2:      layout_basic, uniq_terence
D:3:      layout_loops_corners, nicolae_overflow_hidden_temple,
          lemuel_doored_altar, marbit_many_paths, old_standard_altar,
          lemuel_crystal_altar, minmay_misc_feat_encased, uniq_sigmund,
          uniq_crazy_yiuf_cottage

Skill      XL: |  1  2  3  4 |
---------------+-------------+-----
Long Blades    | 3 4 5 6 |  6.4
Fighting       | |  3.6
Armour         | |  3.6
Shields        | |  3.6

Action                   |  1- 3 |  4- 6 || total
-------------------------+-------+-------++-------
Melee: Long sword        |    52 |    52 ||   104
       Headbutt          |    12 |     7 ||    19
  Eat: Chunk             |       |     2 ||     2
Armor: Scale mail        |    32 |    12 ||    44
Dodge: Dodged            |    24 |    15 ||    39
Block: Kite shield       |    25 |    30 ||    55
       Rpst.: Long sword |     6 |     3 ||     9
